 Dungeon Crawl Stone Soup version 0.29.1-12-g30fa7ad0bf (webtiles) character file.

Game seed: 5539829445787144039

109 JanusIIV the Cudgeller (level 4, -2/28 HPs)
             Began as a Gargoyle Berserker on Dec 28, 2022.
             Was a Follower of Trog.
             Slain by Jessica
             ... wielding a +6 club
              (7 damage)
             ... on level 2 of the Dungeon.
             The game lasted 00:02:02 (1451 turns).

JanusIIV the Cudgeller (Gargoyle Berserker)         Turns: 1451, Time: 00:02:02

Health: -2/28      AC:  5    Str: 22    XL:     4   Next: 89%
Magic:  4/4        EV: 11    Int:  8    God:    Trog [*.....]
Gold:   158        SH:  0    Dex:  9    Spells: 3/3 levels left

rFire   . . .      SeeInvis .   a - +0 mace
rCold   . . .      Faith    .   (no shield)
rNeg    + . .      Spirit   .   b - +0 animal skin
rPois   ∞          Reflect  .   (no helmet)
rElec   +          Harm     .   (no cloak)
rCorr   .          Rampage  .   (no gloves)
Will    .....                   (no boots)
Stlth   +.........              (no amulet)
HPRegen 0.09/turn               (no ring)
MPRegen 0.09/turn               (no ring)

@: on berserk cooldown, slowed, very slow
A: sickness immunity, AC +3, negative energy resistance 1, electricity
resistance, torment resistance 1, petrification resistance
a: Renounce Religion, Berserk


You were on level 2 of the Dungeon.
You worshipped Trog.
Trog was aware of your devotion.
You visited 1 branch of the dungeon, and saw 2 of its levels.

You collected 158 gold pieces.

Inventory:

Hand Weapons
 a - a +0 mace (weapon)
Armour
 b - a +0 animal skin (worn)
Wands
 l - a wand of roots (7)
Scrolls
 c - 2 scrolls of identify
 e - 2 scrolls of teleportation {unknown}
 f - a scroll of fear {unknown}
 j - a scroll of silence {unknown}
Potions
 d - a potion of lignification {unknown}
 g - 2 potions of curing
 h - a potion of magic {unknown}
 i - 2 potions of mutation {unknown}
 k - a potion of might {unknown}


   Skills:
 - Level 3.2 Fighting
 + Level 5.4 Maces & Flails
 - Level 2.1 Armour
 - Level 1.5 Dodging


You had 3 spell levels left.
You didn't know any spells.
Your spell library was empty.

Dungeon Overview and Level Annotations

Branches:
Dungeon (2/15)

Altars:

Shops:
D:1 (

Annotations:
D:2 Jessica


Innate Abilities, Weirdness & Mutations

You are immune to sickness and miasma.
Your stone body is resilient. (AC +3)
You are immune to poison.
You resist negative energy. (rN+)
You are resistant to electric shocks. (rElec)
You are resistant to unholy torment.
You are immune to petrification.


Message History

You closely miss Natasha. Natasha claws you.
* * * LOW HITPOINT WARNING * * *
You sock Natasha!
Natasha is almost dead.
Natasha mumbles some strange words.
You barely miss Natasha.
Natasha is almost dead.
You closely miss Natasha.
Natasha is almost dead.
Natasha zaps a wand.
The roots erupt in riotous growth!
The grasping roots grab you!
Natasha is unaffected.
The grasping roots constrict you.
* * * LOW HITPOINT WARNING * * *
You sock Natasha!
You kill Natasha!
Trog accepts your kill.
Trog appreciates your killing of a magic user.
You feel Natasha's spirit has finally been put to rest.
The shadow imp disappears in a puff of smoke!
A kobold comes into view. It is wielding a +0 dagger.
The kobold shouts!
You see here a wand of roots (7).
l - a wand of roots (7)
You feel a strong urge to attack something.
You feel your anger nearly subside.
You are no longer berserk.
You are exhausted.
You feel yourself slow down.
You closely miss the kobold. The kobold hits you but does no damage.
The kobold closely misses you.
Jessica the Apprentice Sorceress comes into view.
She is wielding a +6 club.
You closely miss the kobold. The kobold misses you.
The kobold barely misses you.
You hit the kobold.
You kill the kobold!
Trog accepts your kill.
As you read the scroll labelled RULENOSMIA, it crumbles to dust.
It is a scroll of identify.
g - 2 potions of curing Jessica hits you with a +6 club!
You die...

..................#.#.#
................h.#.#.#
...
..................#.#.#
#...
......÷.....##....#.#.#
#...
.......)....'.......#.#
#...
########....######..#.#
#... #....# ##.#.# #...
#..@)# #.#.###..(
#...@# #.........
#....#######.#.....#.
###..........#####...
#..........# ##..
#..........# ###
#..........# ######
#..........# #.....
#..........# #.####
#..........# #.#


You could see Jessica.

Vanquished Creatures
  Natasha (thrice) (D:2)
  An adder (D:2)
  2 ball pythons
  An endoplasm (D:1)
  2 giant cockroaches (D:1)
  4 goblins
  3 hobgoblins (D:2)
  A quokka (D:2)
  3 bats (D:1)
  2 frilled lizards (D:2)
  3 kobolds (D:2)
  5 rats
30 creatures vanquished.

Notes
Turn   | Place    | Note
-------+----------+-------------------------------------------
     0 | D:1      | JanusIIV the Gargoyle Berserker began the quest for the
                  | Orb.
     0 | D:1      | Reached XP level 1. HP: 14/14 MP: 1/1
   189 | D:1      | Found Dytab's Weapon Emporium.
   299 | D:1      | Reached XP level 2. HP: 15/19 MP: 2/2
  1092 | D:2      | Reached skill level 4 in Maces & Flails
  1092 | D:2      | Reached XP level 3. HP: 23/23 MP: 3/3
  1180 | D:2      | Noticed Natasha
  1190 | D:2      | Killed Natasha
  1191 | D:2      | Reached XP level 4. HP: 25/28 MP: 4/4
  1292 | D:2      | Noticed Natasha
  1304 | D:2      | Killed Natasha
  1305 | D:2      | Reached skill level 5 in Maces & Flails
  1421 | D:2      | Noticed Natasha
  1443 | D:2      | Killed Natasha
  1448 | D:2      | Noticed Jessica
  1451 | D:2      | Slain by Jessica

Illustrated notes

Levels and vault maps discovered:
D:1:      lightli_molten_gateway, layout_basic, serial_shops, shop
D:2:      layout_basic, dreamdust_ecumenical_altar_angels_and_demons,
          glass_columns_b, minmay_mini_jars, uniq_jessica, uniq_natasha

Skill      XL: |  1  2  3  4 |
---------------+-------------+-----
Maces & Flails | 4 5 |  5.4
Fighting       | |  3.2
Armour         | |  2.1
Dodging        | |  1.5

Action                   |  1- 3 |  4- 6 || total
-------------------------+-------+-------++-------
Melee: Mace              |    71 |    15 ||    86
Invok: Berserk           |     1 |     1 ||     2
  Use: Scroll            |       |     1 ||     1
Armor: Animal skin       |    25 |     3 ||    28
Dodge: Dodged            |    51 |     5 ||    56
